 Dungeon Crawl Stone Soup version 0.27-a0-1217-g8a41f320e8 (webtiles) character file.

Game seed: 5002457682507801302

186 mandarbmax the Firebug (level 5, -2/42 HPs)
             Began as a Naga Fire Elementalist on June 5, 2021.
             Killed by divine providence
             ... invoked by an orc priest
              (15 damage)
             ... on level 4 of the Dungeon.
             The game lasted 00:06:41 (2908 turns).

mandarbmax the Firebug (Naga Fire Elementalist)     Turns: 2908, Time: 00:06:42

Health: -2/42      AC:  6    Str: 11    XL:     5   Next: 66%
Magic:  3/8        EV: 10    Int: 16    God:
Gold:   128        SH:  0    Dex: 11    Spells: 3/8 levels left

rFire    . . .     SeeInvis +   i - +0 spear
rCold    . . .     Faith    .   (no shield)
rNeg     . . .     Spirit   .   a - +1 robe
rPois    +         Reflect  .   (no helmet)
rElec    .         Harm     .   (no cloak)
rCorr    .         Rampage  .   j - +2 pair of gloves
Will     .....                  (no barding)
Stlth    +.........             (no amulet)
HPRegen  0.14/turn              e - ring of wizardry
MPRegen  0.11/turn              (no ring)

@: silenced (expiring), very slow
A: AC +1, large, see invisible, deformed body, poison resistance, slowness 2,
spit poison 1, naga tail 1
a: Spit Poison


You were on level 4 of the Dungeon.
You visited 1 branch of the dungeon, and saw 5 of its levels.

You collected 128 gold pieces.

Inventory:

Hand Weapons
 i - a +0 spear (weapon)
Armour
 a - a +1 robe (worn)
 j - a +2 pair of gloves (worn)
Jewellery
 e - a ring of wizardry (left hand)
Wands
 f - a wand of flame (11)
Scrolls
 g - a scroll of fear {unknown}
 h - a scroll of brand weapon {unknown}
 k - a scroll of amnesia {unknown}
 l - a scroll of noise {unknown}
Potions
 c - a potion of heal wounds
 d - 2 potions of curing {unknown}


   Skills:
 - Level 2.0 Dodging
 - Level 3.0 Stealth
 - Level 2.0 Spellcasting
 + Level 3.6 Conjurations
 + Level 4.7 Fire Magic


You had 3 spell levels left.
You knew the following spells:

 Your Spells              Type           Power      Damage    Failure   Level
a - Foxfire               Conj/Fire      56%        2x1d6     1%          1
b - Sticky Flame          Conj/Fire      14%        2d4       16%         4

Your spell library contained the following spells:

 Spells                   Type           Power      Damage    Failure   Level
 Conjure Flame            Conj/Fire      14%        6-21      4%          3
 Inner Flame              Hex/Fire       9%         N/A       10%         3
 Fireball                 Conj/Fire      7%         3d5       38%         5


Dungeon Overview and Level Annotations

Branches:
Dungeon (5/15)
 Temple: D:4-7

Altars:
Nemelex Xobeh

Annotations:
D:4 1 transporter, mg7810's ghost, amateur DrMo


Innate Abilities, Weirdness & Mutations

Your serpentine skin is tough. (AC +1)
You have supernaturally acute eyesight. (SInv)
Armour fits poorly on your strangely shaped body.
Your system is resistant to poisons. (rPois)
You cover ground very slowly.
You can spit poison.
You have a snake-like lower body.


Message History

You see here a worm corpse.
The orc hits you but does no damage.
You have got your breath back.
An orc warrior comes into view.
It is wielding a +1 long sword of holy wrath.
The giant cockroach closely misses you.
The orc priest looks more healthy.
The orc barely misses you. The giant cockroach barely misses you.
The orc priest mumbles some strange prayers to Beogh against you.
Beogh smites you! The orc hits you with a +0 hand axe.
The orc priest calls upon Beogh to heal the orc priest.
The orc priest is healed somewhat.
The giant cockroach barely misses you.
The orc priest calls upon Beogh to heal the orc priest.
The orc priest is healed somewhat.
The giant cockroach bites you but does no damage.
You hit the giant cockroach.
The giant cockroach is heavily wounded.
The giant cockroach barely misses you.
Press: ? - help, Shift-Dir - straight line, f/p - orc priest
Aim: an orc priest, wielding a +0 club (lightly wounded)
The splash of poison hits the giant cockroach.
The giant cockroach is poisoned.
You kill the giant cockroach!
Unknown command.
Reach: i) +0 spear
Press: ? - help, Dir - move target, f - orc warrior
Aim: an orc warrior, wielding a +1 long sword of holy wrath and wearing a +0 chain mail (about 47% to evade your +0 spear)
You reach to attack!
You hit the orc warrior.
The orc warrior is lightly wounded.
The orc completely misses you. The orc hits you but does no damage.
The orc priest calls upon Beogh to heal the orc warrior.
The orc warrior's wounds heal themselves!
The orc priest begins to cast a cantrip, but forgets the words!
The orc warrior hits you with a +1 long sword of holy wrath!
The orc barely misses you.
You have got your breath back.
The orc priest invokes the aid of Beogh against you.
Beogh smites you!
You die...

#. #.# .# #. #.# ### .#..
##.## ###.#..... ..
#.##)..######.....# #.
#....#........##### #.
#.(.#####..#.... #.
##.....##.##...#
#)######.###o##.#......
..#...†....o†oo.@.#©.##..©
...........###o##.#.....#..
[########.....o##.# .##..W#
#..#####... #..# #.# ...>
.. #####. #.. .. #. .#


You could see an orc warrior, 2 orc priests and 2 orcs.

Vanquished Creatures
  2 jellies (D:5)
  An orc priest (D:4)
  A hound zombie (D:5)
  An adder (D:3)
  A white imp (D:4)
  An ufetubus (D:4)
  2 worms
  A dart slug (D:4)
  3 orcs (D:3)
  3 ball pythons
  3 endoplasms (D:1)
  3 giant cockroaches
  2 goblins
  3 hobgoblins
  10 jackals
  6 kobolds
  A quokka (D:2)
  5 bats
  2 frilled lizards (D:1)
  3 rats
54 creatures vanquished.

Vanquished Creatures (others)
  184 foxfires
184 creatures vanquished.

Grand Total: 238 creatures vanquished

Notes
Turn   | Place    | Note
-------+----------+-------------------------------------------
     0 | D:1      | mandarbmax the Naga Fire Elementalist began the quest for
                  | the Orb.
     0 | D:1      | Reached XP level 1. HP: 15/15 MP: 3/3
   175 | D:1      | Reached XP level 2. HP: 22/22 MP: 0/5
   570 | D:1      | Found a faded altar of an unknown god.
   990 | D:2      | Reached XP level 3. HP: 28/28 MP: 1/6
  1701 | D:3      | Found a sparkling altar of Nemelex Xobeh.
  2493 | D:3      | Reached XP level 4. HP: 36/36 MP: 3/7
  2605 | D:3      | You fall into a shaft and drop 2 floors!
  2605 | D:5      | Entered Level 5 of the Dungeon
  2626 | D:5      | Reached skill level 4 in Fire Magic
  2676 | D:5      | Learned a level 4 spell: Sticky Flame
  2769 | D:5      | Reached XP level 5. HP: 42/42 MP: 3/8
  2863 | D:4      | Found a transporter.
  2865 | D:4      | Noticed mg7810's ghost (amateur DrMo)
  2897 | D:4      | Noticed an orc warrior
  2908 | D:4      | Killed from afar by an orc priest

Illustrated notes

Levels and vault maps discovered:
D:1:      dpeg_arrival_pits, layout_rooms,
          chequers_ecumenical_altar_simple_redux, st_stairs_10
D:2:      layout_loops_ring
D:3:      layout_loops_cross, nemelex_diamond_rough_becter,
          nicolae_overflow_hidden_temple
D:4:      layout_loops_ring, portal_sewer_entry_b, gammafunk_ghost_stat_death
D:5:      layout_basic, minmay_temple_entry_proselytizer

Skill      XL: |  1  2  3  4 |
---------------+-------------+-----
Dodging        | 2 |  2.0
Conjurations   | 2 3 |  3.6
Fire Magic     | 4 |  4.7
Stealth        | |  3.0
Spellcasting   | |  2.0

Action                   |  1- 3 |  4- 6 || total
-------------------------+-------+-------++-------
Melee: Unarmed           |     5 |       ||     5
       Spear             |     9 |     4 ||    13
 Cast: Foxfire           |    86 |    29 ||   115
 Abil: Spit Poison       |    11 |     3 ||    14
  Use: Scroll            |       |     3 ||     3
       Potion            |       |     1 ||     1
Armor: Robe              |     4 |    11 ||    15
Dodge: Dodged            |     6 |    15 ||    21

Table legend: (Time is in decaauts)
 A = Elapsed time spent in this place.
 B = Non-inter-level travel time spent in this place.
 C = Inter-level travel time spent in this place.
 D = Time resting spent in this place.
 E = Time spent auto-exploring this place.
 F = Levels seen in this place.
 G = Mean time per level.
                   A        B        C        D        E       F      G
               +--------+--------+--------+--------+--------+-----+--------+
         Total |   3587 |   3455 |    132 |    193 |   2854 |   5 |  717.4 |
       Dungeon |   3587 |   3455 |    132 |    193 |   2854 |   5 |  717.4 |
               +--------+--------+--------+--------+--------+-----+--------+

Top non-repeatable levels by time:
     D:3: 1140 daAuts
     D:2: 1134 daAuts
     D:1: 955 daAuts
     D:5: 265 daAuts
     D:4: 90 daAuts
